 Dungeon Crawl Stone Soup version 0.23.0-3-gf3c87f2 (webtiles) character file.

Game seed: 10708680495699305047

5116 vishdafish the Blocker (level 10, -8/123 HPs)
             Began as a Gnoll Fighter on Feb 23, 2019.
             Was a Follower of Yredelemnul.
             Killed from afar by a gnoll shaman (11 damage)
             ... with an exploding inner flame
             ... hexed by the player character
             ... on level 7 of the Dungeon.
             The game lasted 00:13:00 (6190 turns).

vishdafish the Blocker (Gnoll Fighter)              Turns: 6190, Time: 00:13:01

Health: -8/123     AC: 25    Str: 23 (25) XL:     10   Next: 58%
Magic:  17/17      EV:  2    Int: 15 (17) God:    Yredelemnul [*.....]
Gold:   55         SH: 12    Dex: 18 (19) Spells: 19/19 levels left

rFire    + . .     SeeInvis .   a - +1 long sword
rCold    + . .     Gourm    .   c - +0 shield
rNeg     + + +     Faith    .   (armour currently unavailable)
rPois    +         Spirit   .   (helmet currently unavailable)
rElec    +         Reflect  .   (cloak currently unavailable)
rCorr    +         Harm     .   (gloves currently unavailable)
MR       .....     NoTele   +   (boots currently unavailable)
Stlth    ++++......             x - amulet of regeneration
HPRegen  0.70/turn              E - +1 ring of slaying
MPRegen  0.15/turn              G - +4 ring of strength

@: brilliant, agile, lethally poisoned (-8 -> -34), tree-form, resistant
A: distributed training, strong nose
a: Animate Remains, Renounce Religion


You were on level 7 of the Dungeon.
You worshipped Yredelemnul.
Yredelemnul was aware of your devotion.
You were not hungry.
You were a tree.
You visited 2 branches of the dungeon, and saw 8 of its levels.

You collected 295 gold pieces.
You spent 240 gold pieces at shops.

Inventory:

Hand Weapons
 a - a +1 long sword (weapon)
Missiles
 D - a throwing net (quivered)
Armour
 b - a +0 scale mail (melded)
 c - a +0 shield (worn)
 n - a +2 hat (melded)
Jewellery
 g - a +3 ring of intelligence
 w - a +2 ring of intelligence
 x - an amulet of regeneration (around neck)
 y - a +5 ring of intelligence
 E - a +1 ring of slaying (left branch)
 G - a +4 ring of strength (right branch)
Wands
 v - a wand of random effects (8)
Scrolls
 h - 2 scrolls of immolation
 i - 2 scrolls of enchant weapon
 k - 2 scrolls of enchant armour
 p - 3 scrolls of remove curse
 q - 3 scrolls of identify
 u - a scroll of blinking
Potions
 j - 3 potions of agility
 r - 2 potions of cancellation
Comestibles
 f - 10 rations


   Skills:
 + Level 8.5 Fighting
 + Level 5.3 Short Blades
 + Level 7.1 Long Blades
 + Level 5.3 Axes
 + Level 5.3 Maces & Flails
 + Level 5.3 Polearms
 + Level 5.3 Staves
 + Level 5.3 Slings
 + Level 5.3 Bows
 + Level 5.3 Crossbows
 + Level 5.3 Throwing
 + Level 8.5 Armour
 + Level 5.3 Dodging
 + Level 5.3 Stealth
 + Level 8.5 Shields
 + Level 5.3 Unarmed Combat
 + Level 5.3 Spellcasting
 + Level 4.4 Conjurations
 + Level 4.4 Hexes
 + Level 4.4 Charms
 + Level 4.4 Summonings
 + Level 4.4 Necromancy
 + Level 4.4 Translocations
 + Level 4.4 Transmutations
 + Level 4.4 Fire Magic
 + Level 4.4 Ice Magic
 + Level 4.4 Air Magic
 + Level 4.4 Earth Magic
 + Level 4.4 Poison Magic
 + Level 5.8 Invocations
 + Level 5.3 Evocations


You had 19 spell levels left.
You didn't know any spells.
Your spell library contained the following spells:

 Spells                   Type           Power        Failure   Level  Hunger
 Corona                   Hex            ####...      1%          1    None
 Corpse Rot               Necr           N/A          1%          2    #......
 Ensorcelled Hibernation  Hex/Ice        ####..       1%          2    #......
 Confuse                  Hex            ####....     2%          3    ###....
 Dazzling Spray           Conj/Hex       ####..       2%          3    ###....
 Stone Arrow              Conj/Erth      ####..       2%          3    ###....
 Tukima's Dance           Hex            ####....     2%          3    ###....
 Leda's Liquefaction      Hex/Erth       ####......   7%          4    ####...
 Summon Forest            Summ/Tloc      ####......   17%         5    ######.
 Hydra Form               Tmut           ####......   61%         6    #######
 Summon Hydra             Summ           ####......   97%         7    #######


Dungeon Overview and Level Annotations

Branches:
Dungeon (7/15)             Temple (1/1) D:6

Altars:
Ashenzari
Cheibriados
Elyvilon
Fedhas
Makhleb
Nemelex Xobeh
Okawaru
Ru
Uskayaw
Vehumet
Wu Jian
Xom
Yredelemnul
Jiyva

Shops:
D:6 !(}(

Annotations:
D:7 Grum; inmateoo's ghost, novice GrCK


Innate Abilities, Weirdness & Mutations

Your experience applies equally to all skills.
((You have very sharp teeth.))
Your uncanny sense of smell can sniff out nearby items.


Message History

Evoke which item? (* to show all) (? for menu, Esc to quit)
You're too confused!
You slash the gnoll shaman!
The gnoll shaman is severely wounded.
You feel less invigorated.
You feel less confused.
* * * LOW HITPOINT WARNING * * *
You feel very sick. The wolf bites you but does no damage.
You block the gnoll's attack. x2
Grum snarls.
You block Grum's attack. The gnoll sergeant barely misses you.
The gnoll shaman calls upon its god to speed up Grum.
Grum seems to speed up.
The wolf barely misses you. The gnoll hits you but does no damage.
You hear a howl!
You slash the gnoll shaman!
The gnoll shaman explodes!
The fiery explosion engulfs you! You resist.
You die...
Your body rises from the dead as a mindless zombie.

## ##.≈≈≈≈≈≈≈≈≈≈≈...≈≈≈≈≈≈≈≈≈≈ .#
#..≈≈≈≈≈≈≈≈≈≈≈...≈≈≈≈≈≈≈≈≈≈ .#
#..≈≈#####...........#####≈ .#
#..≈≈#g8g#!###.©.###.#.8g#≈ .#
#..≈≈#.g.###.#####.###g.g#≈ ##
#..≈≈###.......gg.g.g..###≈
#######..≈≈.8#§######g##***#h#8.≈
†........≈≈.##g#§hg#.§8#,,,*,##.≈
#######..≈≈.#.§§♣§g§.©⌠#∆,,',,#.≈
#..≈≈.##.#§§g#hg8#,,,*,**,≈
#..≈≈.8#,######§##****,*8,≈
#..≈≈###.......(.,,,,,,***≈
#..≈≈#W..###©#####,***,,,*≈
#..≈≈#.8,#.#**.©.#**,*,8,*≈
*..≈≈#***#..,,....,,,*****≈
*,,≈≈≈≈≈≈≈≈≈≈≈≈≈≈≈≈≈≈≈≈≈≈≈≈
*,,≈≈≈≈≈≈≈≈≈≈≈≈≈≈≈≈≈≈≈≈≈≈≈≈


You could see Grum, a gnoll sergeant, 2 wolves and 3 gnolls.

Vanquished Creatures
  Harold (D:7)
  5 gargoyles (D:7)
  A hippogriff (D:7)
  The ghost of EtherCrawl the Changer, an amateur SpTm of Fedhas (D:4)
  A wyvern (D:7)
  2 sky beasts
  2 orc warriors (D:7)
  An ice beast (D:7)
  A phantom (D:7)
  5 ogres
  2 necrophages
  A wolf (D:7)
  3 bullfrogs
  3 scorpions
  3 howler monkeys
  A bullfrog zombie (D:5)
  A crimson imp (D:7)
  A hound (D:5)
  3 orc priests
  2 orc wizards
  An iguana (D:4)
  2 bullfrog skeletons
  A centaur skeleton (D:5)
  Ijyb (D:4)
  Natasha (thrice) (D:2)
  Terence (D:2)
  5 worker ants
  A hound skeleton (D:7)
  A gnoll (D:7)
  9 adders
  2 shadow imps
  An adder zombie (D:6)
  2 oozes
  4 worms
  5 dart slugs
  2 leopard geckos
  18 orcs
  3 giant cockroaches
  5 goblins
  4 hobgoblins
  13 kobolds
  3 quokkas
  4 ball pythons
  7 bats
  6 frilled lizards
  A quokka zombie (D:5)
  6 rats
151 creatures vanquished.

Vanquished Creatures (others)
  6 plants (D:7)
6 creatures vanquished.

Grand Total: 157 creatures vanquished

Notes
Turn   | Place    | Note
-------+----------+-------------------------------------------
     0 | D:1      | vishdafish the Gnoll Fighter began the quest for the Orb.
     0 | D:1      | Reached XP level 1. HP: 23/23 MP: 1/1
    66 | D:1      | Reached XP level 2. HP: 29/29 MP: 2/2
   197 | D:1      | Reached XP level 3. HP: 33/35 MP: 3/3
   377 | D:1      | Reached skill level 1 in Invocations
   648 | D:2      | Reached skill level 1 in Short Blades
   648 | D:2      | Reached skill level 1 in Axes
   648 | D:2      | Reached skill level 1 in Maces & Flails
   648 | D:2      | Reached skill level 1 in Polearms
   648 | D:2      | Reached skill level 1 in Staves
   648 | D:2      | Reached skill level 1 in Slings
   648 | D:2      | Reached skill level 1 in Bows
   648 | D:2      | Reached skill level 1 in Crossbows
   648 | D:2      | Reached skill level 1 in Throwing
   648 | D:2      | Reached skill level 1 in Dodging
   648 | D:2      | Reached skill level 1 in Stealth
   648 | D:2      | Reached skill level 1 in Unarmed Combat
   648 | D:2      | Reached skill level 1 in Spellcasting
   648 | D:2      | Reached skill level 1 in Evocations
   732 | D:2      | Noticed Terence
   750 | D:2      | Killed Terence
   750 | D:2      | Reached XP level 4. HP: 11/41 MP: 5/5
   998 | D:2      | Reached skill level 1 in Conjurations
   998 | D:2      | Reached skill level 1 in Hexes
   998 | D:2      | Reached skill level 1 in Charms
   998 | D:2      | Reached skill level 1 in Summonings
   998 | D:2      | Reached skill level 1 in Necromancy
   998 | D:2      | Reached skill level 1 in Translocations
   998 | D:2      | Reached skill level 1 in Transmutations
   998 | D:2      | Reached skill level 1 in Fire Magic
   998 | D:2      | Reached skill level 1 in Ice Magic
   998 | D:2      | Reached skill level 1 in Air Magic
   998 | D:2      | Reached skill level 1 in Earth Magic
   998 | D:2      | Reached skill level 1 in Poison Magic
  1050 | D:2      | Noticed Natasha
  1061 | D:2      | Killed Natasha
  1061 | D:2      | Reached XP level 5. HP: 41/47 MP: 5/7
  1136 | D:2      | Noticed Natasha
  1144 | D:2      | Killed Natasha
  1186 | D:2      | Noticed Natasha
  1193 | D:2      | Killed Natasha
  1428 | D:3      | Reached XP level 6. HP: 50/53 MP: 8/8
  1803 | D:3      | Found a radiant altar of Vehumet.
  2145 | D:4      | Noticed Ijyb
  2160 | D:4      | Killed Ijyb
  2160 | D:4      | Reached skill level 5 in Long Blades
  2580 | D:4      | Reached XP level 7. HP: 45/59 MP: 10/10
  2737 | D:4      | Found a snail-covered altar of Cheibriados.
  2792 | D:4      | Found a runed translucent door.
  2795 | D:4      | Noticed EtherCrawl's ghost (amateur SpTm)
  3216 | D:4      | Killed EtherCrawl's ghost
  3385 | D:5      | Entered Level 5 of the Dungeon
  3476 | D:5      | Reached XP level 8. HP: 67/67 MP: 12/12
  3647 | D:5      | Found an ornate altar of the Wu Jian Council.
  3836 | D:6      | Found a hide-covered altar of Uskayaw.
  3910 | D:6      | Found a staircase to the Ecumenical Temple.
  3922 | Temple   | Entered the Ecumenical Temple
  4050 | Temple   | Became a worshipper of Yredelemnul the Dark
  4092 | D:6      | Found Icyopp's Weapon Shop.
  4574 | D:6      | Reached XP level 9. HP: 44/72 MP: 14/14
  4638 | D:6      | Found Reovap's Distillery.
  4645 | D:6      | Bought a potion of invisibility for 120 gold pieces
  4645 | D:6      | Bought 2 potions of agility for 120 gold pieces
  4653 | D:6      | Found Efeu's Gadget Boutique.
  4721 | D:6      | Found Ynus's Weapon Shoppe.
  4979 | D:7      | Noticed Grum
  5064 | D:7      | Found a sacrificial altar of Ru.
  5068 | D:7      | Found an iron altar of Okawaru.
  5247 | D:7      | Noticed Harold
  5256 | D:7      | Reached * piety under Yredelemnul
  5266 | D:7      | Killed Harold
  5266 | D:7      | Reached skill level 5 in Invocations
  5266 | D:7      | Reached XP level 10. HP: 29/80 MP: 15/17
  5546 | D:7      | Noticed a gargoyle
  5560 | D:7      | Killed a gargoyle
  5660 | D:7      | Noticed a gargoyle
  5671 | D:7      | Killed a gargoyle
  5671 | D:7      | Reached skill level 5 in Short Blades
  5671 | D:7      | Reached skill level 5 in Axes
  5671 | D:7      | Reached skill level 5 in Maces & Flails
  5671 | D:7      | Reached skill level 5 in Polearms
  5671 | D:7      | Reached skill level 5 in Staves
  5671 | D:7      | Reached skill level 5 in Slings
  5671 | D:7      | Reached skill level 5 in Bows
  5671 | D:7      | Reached skill level 5 in Crossbows
  5671 | D:7      | Reached skill level 5 in Throwing
  5671 | D:7      | Reached skill level 5 in Dodging
  5671 | D:7      | Reached skill level 5 in Stealth
  5671 | D:7      | Reached skill level 5 in Unarmed Combat
  5671 | D:7      | Reached skill level 5 in Spellcasting
  5671 | D:7      | Reached skill level 5 in Evocations
  5736 | D:7      | Noticed a gargoyle
  5754 | D:7      | Killed a gargoyle
  5867 | D:7      | Noticed a gargoyle
  5887 | D:7      | Killed a gargoyle
  5940 | D:7      | Noticed a gargoyle
  5958 | D:7      | Killed a gargoyle
  6117 | D:7      | Noticed inmateoo's ghost (novice GrCK)
  6120 | D:7      | Identified the +5 shield "Nocaw" {-Tele rN+ Slay+2}
  6131 | D:7      | Found a transporter.
  6133 | D:7      | Identified the amulet "Otroo" {Harm *Drain Dex+4}
  6182 | D:7      | HP: 6/123 [wolf[Grum] (7)]
  6188 | D:7      | HP: 4/123 [wolf[Grum] (4)]
  6190 | D:7      | Killed from afar by a gnoll shaman

Skill      XL: |  1  2  3  4  5  6  7  8  9 10 |
---------------+-------------------------------+-----
Invocations    | 1 2 3 4 5 |  5.8
Short Blades   | 1 2 3 4 5 |  5.3
Axes           | 1 2 3 4 5 |  5.3
Maces & Flails | 1 2 3 4 5 |  5.3
Polearms       | 1 2 3 4 5 |  5.3
Staves         | 1 2 3 4 5 |  5.3
Slings         | 1 2 3 4 5 |  5.3
Bows           | 1 2 3 4 5 |  5.3
Crossbows      | 1 2 3 4 5 |  5.3
Throwing       | 1 2 3 4 5 |  5.3
Dodging        | 1 2 3 4 5 |  5.3
Stealth        | 1 2 3 4 5 |  5.3
Unarmed Combat | 1 2 3 4 5 |  5.3
Spellcasting   | 1 2 3 4 5 |  5.3
Evocations     | 1 2 3 4 5 |  5.3
Conjurations   | 1 2 3 4 |  4.4
Hexes          | 1 2 3 4 |  4.4
Charms         | 1 2 3 4 |  4.4
Summonings     | 1 2 3 4 |  4.4
Necromancy     | 1 2 3 4 |  4.4
Translocations | 1 2 3 4 |  4.4
Transmutations | 1 2 3 4 |  4.4
Fire Magic     | 1 2 3 4 |  4.4
Ice Magic      | 1 2 3 4 |  4.4
Air Magic      | 1 2 3 4 |  4.4
Earth Magic    | 1 2 3 4 |  4.4
Poison Magic   | 1 2 3 4 |  4.4
Long Blades    | 5 6 7 |  7.1
Fighting       | 7 8 |  8.5
Armour         | 7 8 |  8.5
Shields        | 7 8 |  8.5

Action                   |  1- 3 |  4- 6 |  7- 9 | 10-12 || total
-------------------------+-------+-------+-------+-------++-------
Melee: Long sword        |   104 |   168 |   297 |   113 ||   682
       Bite              |    12 |    22 |    49 |    26 ||   109
Throw: Throwing net      |       |       |       |     3 ||     3
Evoke: Wand              |       |     1 |    13 |     1 ||    15
  Use: Potion            |     1 |       |     6 |    15 ||    22
       Scroll            |       |       |       |    10 ||    10
 Stab: Invisible         |       |       |       |     1 ||     1
       Held in net/web   |       |       |       |     1 ||     1
       Sleeping          |       |       |       |     1 ||     1
  Eat: Chunk             |       |     4 |    11 |       ||    15
       Ration            |       |       |       |     1 ||     1
Armor: Scale mail        |    43 |    60 |    80 |    17 ||   200
       Skin              |       |       |       |    52 ||    52
Dodge: Dodged            |    26 |    45 |    94 |    31 ||   196
Block: Shield            |    66 |    87 |   177 |    72 ||   402
       Rpst.: Long sword |     6 |    16 |    33 |     5 ||    60
